 Dungeon Crawl Stone Soup version 0.20.0 (webtiles) character file.

9500 aesoa the Fighter (level 11, 0/83 HPs)
             Began as an Octopode Monk on June 22, 2017.
             Was an Elder of Yredelemnul.
             Slain by an unseen horror (11 damage)
             ... on level 11 of the Dungeon.
             The game lasted 00:47:54 (12677 turns).

aesoa the Fighter (Octopode Monk)                  Turns: 12677, Time: 00:47:55

Health: 0/83       AC:  5    Str: 10    XL:     11   Next: 47%
Magic:  17/17      EV: 18    Int: 20    God:    Yredelemnul [****..]
Gold:   527        SH:  0    Dex: 18    Spells: 7/10 levels left

rFire    + . .     SeeInvis .   H - +3 long sword (freeze)
rCold    + . .     Gourm    .   (no shield)
rNeg     + . .     Faith    .   (helmet restricted)
rPois    .         Spirit   .   D - amulet of magic regeneration
rElec    .         Reflect  .   g - ring of fire (curse)
rCorr    .         Harm     .   i - ring of flight
MR       .....                  u - ring of positive energy
Stlth    +++.......             T - +5 ring of intelligence
Regen    0.3/turn               X - ring of protection from cold
MPRegen  0.3/turn               (no ring)
                                (no ring)
                                (no ring)

@: very slightly contaminated, invisible
A: almost no armour, stealthy swim, amphibious, 8 rings, constrict 8, iridescent
scales 1, thin metallic scales 1, camouflage 1, clever 1, cold resistance 1,
gelatinous body 1
a: Recall Undead Slaves, Injury Mirror, Animate Dead, Drain Life, Renounce
Religion, Evoke Flight


You were on level 11 of the Dungeon.
You worshipped Yredelemnul.
Yredelemnul was greatly pleased with you.
You were near starving.

You visited 2 branches of the dungeon, and saw 12 of its levels.

You collected 753 gold pieces.
You spent 226 gold pieces at shops.

Inventory:

Hand Weapons
 z - a +0 great sword
 H - a +3 long sword of freezing (weapon)
Jewellery
 g - a cursed ring of fire (left tentacle)
 i - a ring of flight (right tentacle)
 u - a ring of positive energy (on tentacle)
 D - an amulet of magic regeneration (around mantle)
 T - a +5 ring of intelligence (on tentacle)
 X - a ring of protection from cold (on tentacle)
Wands
 K - a wand of disintegration (6/24)
 N - a wand of confusion (29/48)
 Q - a wand of acid (7/15)
 S - a wand of paralysis (8/24)
 Y - a wand of flame (23/48)
 Z - a wand of lightning (4/15)
Scrolls
 c - 2 scrolls of teleportation
 d - 2 scrolls of enchant armour
 e - a scroll of fear {unknown}
 h - a scroll of blinking {unknown}
 l - 6 scrolls of remove curse
 n - a scroll of immolation
 w - 5 scrolls of amnesia
 y - a scroll of magic mapping {unknown}
 C - a scroll of fog
 I - a scroll of brand weapon {unknown}
 J - 2 scrolls of identify
 L - a scroll of noise {unknown}
 M - a scroll of silence {unknown}
 P - a scroll of enchant weapon {unknown}
Potions
 k - 3 potions of mutation
 m - 5 potions of might
 p - a potion of heal wounds
 q - 3 potions of haste
 r - 3 potions of flight
 s - a potion of agility
 t - 2 potions of curing
 E - a potion of brilliance
 G - a potion of magic
 R - a potion of ambrosia
 U - a potion of berserk rage
Books
 v - a book of Battle

   Spells                             Type                      Level
   a - Infusion                       Charms                       1
   b - Shroud of Golubria             Charms/Translocation         2
   c - Song of Slaying                Charms                       2
   d - Spectral Weapon                Hexes/Charms                 3
   e - Regeneration                   Charms/Necromancy            3
 O - a book of the Sky

   Spells                             Type                      Level
   a - Summon Lightning Spire         Summoning/Air                4
   b - Silence                        Hexes/Air                    5
   c - Deflect Missiles               Charms/Air                   6
   d - Conjure Ball Lightning         Conjuration/Air              6
   e - Tornado                        Air                          9
 V - a book of Flames

   Spells                             Type                      Level
   a - Flame Tongue                   Conjuration/Fire             1
   b - Throw Flame                    Conjuration/Fire             2
   c - Conjure Flame                  Conjuration/Fire             3
   d - Inner Flame                    Hexes/Fire                   3
   e - Sticky Flame                   Conjuration/Fire             4
   f - Fireball                       Conjuration/Fire             5
Comestibles
 b - 8 bread rations
 f - 9 meat rations
 x - 6 fruits


   Skills:
 + Level 11.4 Fighting
 - Level 10.0 Long Blades
 - Level 7.2 Dodging
 - Level 2.6 Stealth
 - Level 8.1 Invocations


You had 7 spell levels left.
You knew the following spells:

 Your Spells              Type           Power        Failure   Level  Hunger
a - Regeneration          Chrm/Necr      #.........   50%         3    ####...


Dungeon Overview and Level Annotations

Branches:
Dungeon (11/15)            Temple (1/1) D:4            Lair (0/6) D:8
    Orc (0/2) D:11

Altars:
Ashenzari
Cheibriados
Dithmenos
Elyvilon
Fedhas
Gozag
Hepliaklqana
Kikubaaqudgha
Makhleb
Okawaru
Qazlal
Ru
Sif Muna
Vehumet
Xom
Yredelemnul
Zin
The Shining One

Shops:
D:4 ?}   D:5 !?   D:7 %   D:10 %


Innate Abilities, Weirdness & Mutations

You cannot wear most types of armour.
You are very stealthy in the water. (Stealth+)
You are amphibious.
You can wear up to eight rings at the same time.
You can use your tentacles to constrict eight enemies at once.
Your skin changes colour to match your surroundings (Stealth+).
Your rubbery body absorbs attacks. (AC +1, EV +1)
You are partially covered in iridescent scales. (AC +2)
You are partially covered in thin metallic scales. (AC +2)
Your mind is acute. (Int +2)
Your flesh is cold resistant. (rC+)


Message History

Something hits you.
* * * LOW HITPOINT WARNING * * *
You fade into invisibility!
Something hits you.
* * * LOW HITPOINT WARNING * * *
You are very lightly contaminated with residual magic.
You hit something. You freeze something. Your squeeze misses something.
Something hits you.
* * * LOW HITPOINT WARNING * * *
Something barely misses you.
Unknown command.
You feel much better. Something closely misses you. x2
Something hits you!
* * * LOW HITPOINT WARNING * * *
Something barely misses your wolf zombie.
Something hits you.
* * * LOW HITPOINT WARNING * * *
Your flying skull hits something.
Something hits you!
You die...
Your body rises from the dead as a mindless zombie.

############ #..........### ###
#............. ..# #..
#............ ..# #..
#........##########.# #..
####......Z.@........#.# #..
#####.........zZ#........#.####..
...............Z#........#.......
................#'########.......
........###.............>........
......### #.....#######.........)
......# ####### #..........
......# ....... #..........
.....Z#.......# #..........


You could see a friendly flying skull, 2 friendly wolf zombies and a friendly
scorpion zombie.

Vanquished Creatures
  2 two-headed ogres
  Pikel (D:5)
  An ugly thing (D:9)
  Joseph (D:7)
  Prince Ribbit (D:7)
  A wyvern (D:8)
  5 yaks
  Grum (D:11)
  2 wargs (D:8)
  An acid dragon (D:11)
  3 orc warriors
  A hornet zombie (D:8)
  7 sky beasts
  3 slaves
  A black bear (D:8)
  2 phantoms
  A wolf (D:11)
  4 ogres
  2 centaurs
  A big kobold (D:9)
  5 bullfrogs
  2 killer bees (D:11)
  A howler monkey (D:4)
  6 wights
  A crimson imp (D:10)
  2 bullfrog zombies
  8 orc priests
  4 hounds
  A centaur skeleton (D:8)
  A jelly (D:8)
  11 orc wizards
  A bullfrog skeleton (D:9)
  2 iguanas
  Ijyb (D:5)
  Terence (D:3)
  6 worker ants
  A hound skeleton (D:7)
  A howler monkey zombie (D:7)
  4 gnolls (D:7)
  10 adders
  An ooze (D:3)
  4 worms
  2 dart slugs
  2 leopard geckos
  36 orcs
  A giant cockroach (D:2)
  4 goblins
  2 hobgoblins (D:2)
  13 jackals
  2 quokkas
  A ball python (D:3)
  6 bats
  3 frilled lizards
  14 kobolds
  A leopard gecko skeleton (D:6)
  A quokka zombie (D:8)
  3 rats
206 creatures vanquished.

Vanquished Creatures (collateral kills)
  An ugly thing (D:11)
  A manticore (D:11)
  A centaur skeleton (D:11)
  A hippogriff (D:8)
  A wraith (D:9)
  4 yaks
  A hungry ghost (D:11)
  A warg (D:8)
  A centaur (D:8)
  2 wolves (D:11)
  An ogre (D:8)
  A big kobold (D:11)
  3 bullfrogs
  A killer bee (D:11)
  A scorpion (D:11)
  A wight (D:8)
  An orc priest (D:8)
  A worker ant (D:9)
  A howler monkey zombie (D:8)
  A howler monkey skeleton (D:8)
  A shadow imp (D:6)
  4 orcs
  A jackal (D:8)
  A leopard gecko skeleton (D:8)
33 creatures vanquished.

Vanquished Creatures (others)
  An ugly thing zombie (D:11)
  2 flying skulls (D:9)
  Blork the orc (D:5)
  A warg zombie (D:8)
  A wight (D:11)
  2 bullfrog zombies
  A centaur zombie (D:7)
  A black bear zombie (D:8)
  A human skeleton (D:8)
  3 killer bee zombies (D:11)
  An ogre zombie (D:8)
  A sky beast zombie (D:11)
  A big kobold zombie (D:9)
  A hound zombie (D:6)
  A mummy (D:11)
  A gnoll zombie (D:11)
  A jackal zombie (D:6)
  4 kobold zombies
  6 orc skeletons (D:8)
  12 orc zombies
43 creatures vanquished.

Grand Total: 282 creatures vanquished

Notes
Turn   | Place    | Note
-------+----------+-------------------------------------------
     0 | D:1      | aesoa the Octopode Monk began the quest for the Orb.
     0 | D:1      | Reached XP level 1. HP: 16/16 MP: 1/1
   467 | D:1      | Reached XP level 2. HP: 21/21 MP: 2/2
  1040 | D:2      | Reached skill level 4 in Fighting
  1054 | D:2      | Reached XP level 3. HP: 18/27 MP: 3/3
  1395 | D:3      | Noticed an ogre
  1405 | D:3      | Killed an ogre
  1405 | D:3      | Reached skill level 5 in Fighting
  1405 | D:3      | Reached XP level 4. HP: 12/35 MP: 4/4
  1405 | D:3      | Reached XP level 5. HP: 14/39 MP: 5/5
  1484 | D:3      | Found a shattered altar of Ashenzari.
  1806 | D:3      | Noticed Terence
  1827 | D:3      | Killed Terence
  1827 | D:3      | Reached skill level 6 in Fighting
  2495 | D:4      | Found Veish's Gadget Shop.
  2560 | D:4      | Found a staircase to the Ecumenical Temple.
  2571 | Temple   | Entered the Ecumenical Temple
  2738 | Temple   | Became a worshipper of Yredelemnul the Dark
  2738 | Temple   | Reached * piety under Yredelemnul
  2738 | Temple   | Reached ** piety under Yredelemnul
  2963 | D:4      | Reached XP level 6. HP: 41/47 MP: 6/6
  2995 | D:4      | Found Usyitapn's Magic Scroll Shop.
  3030 | D:4      | Bought a scroll of identify for 28 gold pieces
  3030 | D:4      | Bought a scroll of identify for 28 gold pieces
  3030 | D:4      | Bought a scroll of remove curse for 42 gold pieces
  3030 | D:4      | Bought a scroll of identify for 28 gold pieces
  3348 | D:5      | Entered Level 5 of the Dungeon
  3581 | D:4      | Reached skill level 7 in Fighting
  3864 | D:5      | Found Xiter's Magic Scroll Shoppe.
  3885 | D:5      | Bought a scroll of identify for 28 gold pieces
  3885 | D:5      | Bought a scroll of identify for 28 gold pieces
  3891 | D:5      | Learned a level 3 spell: Regeneration
  3955 | D:5      | Found Zukifreo's Distillery.
  3963 | D:5      | Bought a potion of agility for 44 gold pieces
  4051 | D:5      | Noticed a slave
  4082 | D:5      | Noticed a slave
  4086 | D:5      | Noticed a slave
  4088 | D:5      | Noticed a slave
  4123 | D:4      | Killed a slave
  4268 | D:5      | Killed a slave
  4321 | D:5      | Noticed Pikel
  4344 | D:5      | Killed a slave
  4482 | D:5      | Killed Pikel
  4482 | D:5      | Reached XP level 7. HP: 11/54 MP: 7/7
  4499 | D:5      | Noticed Blork the orc
  4729 | D:5      | Reached XP level 8. HP: 34/60 MP: 8/8
  4884 | D:5      | Killed Blork the orc
  4985 | D:5      | Noticed Ijyb
  4995 | D:5      | Killed Ijyb
  5769 | D:6      | Reached skill level 1 in Invocations
  5772 | D:6      | Found a blossoming altar of Fedhas.
  6165 | D:6      | You fall through a shaft for 3 floors!
  6397 | D:9      | Reached skill level 5 in Invocations
  6638 | D:8      | Noticed a wyvern
  6647 | D:8      | Killed a wyvern
  6647 | D:8      | Reached XP level 9. HP: 64/64 MP: 12/14
  6658 | D:8      | Gained mutation: You are partially covered in thin metallic scales. (AC +2) [mutagenic meat]
  6659 | D:8      | Gained mutation: Your mind is acute. (Int +2) [mutagenic meat]
  6660 | D:8      | Gained mutation: You are partially covered in iridescent scales. (AC +2) [mutagenic meat]
  6661 | D:8      | Gained mutation: Your flesh is cold resistant. (rC+) [mutagenic meat]
  6897 | D:7      | Noticed Joseph
  6909 | D:7      | Killed Joseph
  7211 | D:6      | Reached *** piety under Yredelemnul
  7293 | D:7      | Found Ydoemuec's Food Shop.
  7472 | D:7      | Noticed Prince Ribbit
  7486 | D:7      | Killed Prince Ribbit
  7769 | D:7      | Reached skill level 5 in Long Blades
  7822 | D:7      | Found a shimmering altar of Xom.
  7824 | D:7      | Found an opulent altar of Gozag.
  7848 | D:7      | Found an ancient bone altar of Kikubaaqudgha.
  8253 | D:8      | Reached XP level 10. HP: 52/71 MP: 16/16
  8555 | D:8      | Noticed a two-headed ogre
  8589 | D:8      | Killed a two-headed ogre
  8972 | D:8      | Found a staircase to the Lair.
  9061 | D:8      | Reached **** piety under Yredelemnul
  9957 | D:8      | Reached skill level 10 in Long Blades
 10102 | D:9      | Noticed a purple ugly thing
 10112 | D:9      | Killed a purple ugly thing
 10112 | D:9      | Reached skill level 8 in Fighting
 10147 | D:9      | Received a gift from Yredelemnul (3 flying skulls)
 10166 | D:9      | Noticed a two-headed ogre
 10172 | D:9      | Killed a two-headed ogre
 10339 | D:9      | Reached skill level 9 in Fighting
 10414 | D:9      | Found a glowing silver altar of Zin.
 10415 | D:9      | Found a glowing golden altar of the Shining One.
 10416 | D:9      | Found a white marble altar of Elyvilon.
 10645 | D:10     | Entered Level 10 of the Dungeon
 10705 | D:10     | Found Kamma's Food Boutique.
 10757 | D:10     | Reached XP level 11. HP: 80/80 MP: 17/17
 10822 | D:10     | Found an ancient bone altar of Kikubaaqudgha.
 11116 | D:10     | Reached skill level 10 in Fighting
 11508 | D:10     | Received a gift from Yredelemnul (a wight)
 11557 | D:11     | Noticed a manticore
 11563 | D:11     | Killed a manticore
 11856 | D:11     | Found a staircase to the Orcish Mines.
 11937 | D:11     | Noticed Grum
 11946 | D:11     | Killed Grum
 11953 | D:11     | Reached skill level 11 in Fighting
 11958 | D:11     | Received a gift from Yredelemnul (a mummy)
 12405 | D:11     | Noticed a red ugly thing
 12411 | D:11     | Killed a red ugly thing
 12649 | D:11     | Your ally Grum died
 12668 | D:11     | HP: 3/83 [something (8)]
 12677 | D:11     | Slain by an unseen horror

Skill      XL: |  1  2  3  4  5  6  7  8  9 10 11 |
---------------+----------------------------------+-----
Fighting       | 4 5 6 7 9 11 | 11.4
Dodging        | 6 7 |  7.2
Invocations    | 6 8 |  8.1
Long Blades    | 7 10 | 10.0
Stealth        | |  2.6

Action                   |  1- 3 |  4- 6 |  7- 9 | 10-12 || total
-------------------------+-------+-------+-------+-------++-------
Melee: Falchion          |    46 |    99 |       |       ||   145
       Constrict         |    14 |    28 |    43 |    42 ||   127
       Tentacles         |    14 |    34 |    45 |    76 ||   169
       Great sword       |       |    23 |    70 |       ||    93
       Long sword        |       |       |    81 |   225 ||   306
 Fire: Triple crossbow   |       |       |       |     6 ||     6
Invok: Animate Remains   |       |     1 |     9 |       ||    10
       Animate Dead      |       |       |     7 |    25 ||    32
       Recall Undead Sla |       |       |       |     2 ||     2
Evoke: Wand              |       |       |       |     1 ||     1
  Use: Potion            |       |     1 |     2 |     5 ||     8
       Scroll            |       |     7 |       |    16 ||    23
 Stab: Sleeping          |     7 |     6 |     8 |     8 ||    29
       Distracted        |     1 |     1 |       |     3 ||     5
  Eat: Chunk             |     1 |    10 |    17 |    21 ||    49
       Fruit             |       |       |     2 |     1 ||     3
       Royal jelly       |       |       |     1 |       ||     1
Armor: Skin              |     1 |   112 |    12 |    28 ||   153
Dodge: Dodged            |    23 |    80 |   115 |   196 ||   414
       Rpst.: Falchion   |     9 |    18 |       |       ||    27
       Great sword       |       |     7 |    20 |       ||    27
       Long sword        |       |       |    24 |    59 ||    83
